 Dungeon Crawl Stone Soup version 0.17-a0-1311-gbcbd859 (webtiles) character file.

30 Kidiri the Magician (level 3, -2/20 HPs)
             Began as a Deep Elf Fire Elementalist on June 8, 2015.
             Slain by a black bear (4 damage)
             ... on level 1 of the Dungeon.
             The game lasted 00:06:57 (2061 turns).

Kidiri the Magician (Deep Elf Fire Elementalist)    Turns: 2061, Time: 00:06:58

Health: -2/20      AC:  5    Str:  5    XL:     3   Next: 3%
Magic:  4/10       EV: 12    Int: 20    God:
Gold:   12         SH:  0    Dex: 15    Spells: 4 memorised, 0 levels left

rFire  . . .     SeeInvis .     g - +0 short sword (curse)
rCold  . . .     Clarity  .     e - +0 leather armour
rNeg   . . .     SustAt   .     (no shield)
rPois  .         Gourm    .     (no helmet)
rElec  .         Spirit   .     j - +1 cloak
rCorr  .         Warding  .     (no gloves)
rMut   .         Stasis   .     (no boots)
MR     .....                    (no amulet)
Stlth  ++........               (no ring)
                                (no ring)

@: very slightly contaminated, not resistant to hostile enchantments, unstealthy
A: no striking features
a: no special abilities


You were on level 1 of the Dungeon.
You were not hungry.

You visited 1 branch of the dungeon, and saw 1 of its levels.

You collected 12 gold pieces.

Inventory:

Hand weapons
 g - a cursed +0 short sword (weapon)
Armour
 e - a +0 leather armour (worn)
 j - a +1 cloak (worn)
 k - a +0 buckler
Books
 b - a book of Flames

   Spells                             Type                      Level
   a - Flame Tongue                   Conjuration/Fire             1
   b - Throw Flame                    Conjuration/Fire             2
   c - Conjure Flame                  Conjuration/Fire             3
   d - Inner Flame                    Hexes/Fire                   3
   e - Sticky Flame                   Conjuration/Fire             4
   f - Fireball                       Conjuration/Fire             5
Comestibles
 a - a slice of pizza
 c - a bread ration
 d - a royal jelly
 f - 2 chunks of flesh
 h - a meat ration


   Skills:
 + Level 0.8 Fighting
 + Level 2.6 Dodging
 * Level 2.6 Stealth
 * Level 0.1 Shields
 * Level 3.5 Spellcasting
 + Level 1.5 Conjurations
 + Level 0.3 Hexes
 + Level 3.4 Fire Magic


You couldn't memorise any spells.
You knew the following spells:

 Your Spells              Type           Power        Failure   Level  Hunger
a - Flame Tongue          Conj/Fire      ##...        12%         1    None
b - Throw Flame           Conj/Fire      ##....       14%         2    ##.....
c - Conjure Flame         Conj/Fire      ##......     28%         3    ###....
d - Inner Flame           Hex/Fire       ##......     34%         3    ###....


Dungeon Overview and Level Annotations

Branches:
Dungeon (1/15)

Altars:


Message History

Aiming: Flame Tongue
Press: ? - help, Shift-Dir - straight line, f/p - black bear
Aim: a black bear (heavily wounded)
You miscast Flame Tongue.
You hear a sizzling sound.
The black bear bites you. The black bear claws you. The black bear claws you.
* * * LOW HITPOINT WARNING * * *
Casting: Flame Tongue
Confirm with . or Enter, or press ? or * to list all spells.
Aiming: Flame Tongue
Press: ? - help, Shift-Dir - straight line, f/p - black bear
Aim: a black bear (heavily wounded)
The flame tongue hits the black bear.
The black bear is heavily wounded.
The black bear bites you.
* * * LOW HITPOINT WARNING * * *
The black bear claws you.
* * * LOW HITPOINT WARNING * * *
The black bear claws you.
You die...

...........
#.#.# #
.##########
###.#.# #
.........#
..#.#.########
.#.#####.#
#.#.#.........
...# #.#
#.#.##########
.#.# #.#
#.#...........
...# #.#
#.############
####
#.###########.#
#........@h...#
#############.#
#.# ###


You could see a black bear.

Vanquished Creatures
  A giant gecko (D:1)
  A ball python (D:1)
  3 bats (D:1)
  2 giant cockroaches (D:1)
  3 hobgoblins (D:1)
  5 kobolds (D:1)
  2 giant newts (D:1)
  4 goblins (D:1)
  7 rats (D:1)
28 creatures vanquished.

Notes
Turn   | Place    | Note
--------------------------------------------------------------
     0 | D:1      | Kidiri the Deep Elf Fire Elementalist began the quest for the Orb.
     0 | D:1      | Reached XP level 1. HP: 10/10 MP: 6/6
   584 | D:1      | Reached XP level 2. HP: 16/16 MP: 6/8
   588 | D:1      | Learned a level 2 spell: Throw Flame
  1835 | D:1      | Reached XP level 3. HP: 20/20 MP: 10/10
  1843 | D:1      | Learned a level 3 spell: Conjure Flame
  1847 | D:1      | Learned a level 3 spell: Inner Flame
  2044 | D:1      | Noticed a black bear
  2061 | D:1      | Slain by a black bear

Vault maps used:
D:1:      lightli_iron_boxes, st_stairs_4, minmay_misc_feat_roman

Action                   || total
-------------------------++-------
Melee: Dagger            ||    46
       Short sword       ||    40
 Cast: Flame Tongue      ||    25
       Throw Flame       ||     1
  Use: Scroll            ||     4
 Stab: Distracted        ||     1
  Eat: Chunk             ||     4
